 Dungeon Crawl Stone Soup version 0.24.0-13-gcf9b319 (webtiles) character file.

Game seed: 4798917422074822186, levelgen mode: deterministic

84 Fang the Skirmisher (level 4, 0/43 HPs)
             Began as a Gargoyle Berserker on Nov 11, 2019.
             Was a Believer of Trog.
             Slain by a hippogriff (6 damage)
             ... on level 3 of the Dungeon.
             The game lasted 00:01:54 (1832 turns).

Fang the Skirmisher (Gargoyle Berserker)            Turns: 1832, Time: 00:01:55

Health: 0/43       AC:  5    Str: 27    XL:     4   Next: 46%
Magic:  4/4        EV: 12    Int:  7    God:    Trog [**....]
Gold:   104        SH:  0    Dex:  9    Spells: 3/3 levels left

rFire    . . .     SeeInvis +   a - +0 war axe
rCold    . . .     Gourm    .   (no shield)
rNeg     + . .     Faith    .   b - +0 animal skin
rPois    ∞         Spirit   .   (no helmet)
rElec    +         Reflect  .   (no cloak)
rCorr    .         Harm     .   (no gloves)
MR       .....                  (no boots)
Stlth    ..........             (no amulet)
HPRegen  0.14/turn              j - ring of see invisible
MPRegen  0.09/turn              (no ring)

@: berserking, very quick
A: negative energy resistance 1, electricity resistance, unbreathing,
petrification resistance, rot immunity, AC +3
a: Berserk, Trog's Hand, Renounce Religion


You were on level 3 of the Dungeon.
You worshipped Trog.
Trog was pleased with you.
You were very hungry.

You visited 1 branch of the dungeon, and saw 3 of its levels.

You collected 104 gold pieces.

Inventory:

Hand Weapons
 a - a +0 war axe (weapon)
Armour
 b - a +0 animal skin (worn)
Jewellery
 j - a ring of see invisible (left hand)
Scrolls
 e - 4 scrolls of identify {unknown}
 f - a scroll of fog {unknown}
 g - a scroll of enchant weapon {unknown}
 i - 2 scrolls of remove curse {unknown}
 l - 2 scrolls of teleportation {unknown}
 n - a scroll of blinking {unknown}
 o - a scroll of enchant armour {unknown}
 q - a scroll of magic mapping {unknown}
Potions
 d - a potion of mutation {unknown}
 k - 2 potions of agility {unknown}
 m - a potion of flight {unknown}
 p - a potion of curing {unknown}
Comestibles
 c - 3 rations
 h - 4 chunks of flesh


   Skills:
 * Level 4.1 Fighting
 * Level 3.3 Axes
 + Level 2.9 Armour
 + Level 2.2 Dodging


You had 3 spell levels left.
You didn't know any spells.
Your spell library was empty.

Dungeon Overview and Level Annotations

Branches:
Dungeon (3/15)

Altars:
Hepliaklqana
The Shining One


Innate Abilities, Weirdness & Mutations

You are resistant to torment.
Your stone body is resilient. (AC +3)
You are immune to poison.
You resist negative energy. (rN+)
You are resistant to electric shocks. (rElec)
You can survive without breathing.
You are immune to petrification.
You are immune to rotting.


Message History

You hit the hippogriff.
The hippogriff is moderately wounded.
The hippogriff bites you but does no damage.
The hippogriff barely misses you. The hippogriff closely misses you.
You slash the hippogriff!
The hippogriff is severely wounded.
The hippogriff bites you but does no damage.
The hippogriff misses you. The hippogriff barely misses you.
You barely miss the hippogriff.
The hippogriff is severely wounded.
You are feeling very hungry.
The hippogriff bites you. The hippogriff pecks you!
* * * LOW HITPOINT WARNING * * *
The hippogriff barely misses you.
You slash the hippogriff!
The hippogriff is almost dead.
The hippogriff bites you.
* * * LOW HITPOINT WARNING * * *
The hippogriff completely misses you. The hippogriff claws you.
You die...

##. .... #.###.####
######.... ##.........
.........< +....≈≈≈.#
......^... #....≈?≈.#
.......... ##....≈≈≈.#
..)....... .........#
).÷........####.H.....#
..).............@.....#
...##.#.###.####......##
........................
......#.###.####......##
#.....#.# #).....#
#.....# # #.†....#
#.....# #.###### #.....#
#.#####
#.....##########.....#


You could see a hippogriff.

Vanquished Creatures
  An adder (D:3)
  An ooze (D:1)
  2 worms
  5 leopard geckos
  An orc (D:3)
  2 giant cockroaches
  10 goblins
  8 hobgoblins
  A ball python (D:1)
  9 bats
  A frilled lizard (D:3)
  7 kobolds
  8 rats
56 creatures vanquished.

Notes
Turn   | Place    | Note
-------+----------+-------------------------------------------
     0 | D:1      | Fang the Gargoyle Berserker began the quest for the Orb.
     0 | D:1      | Reached XP level 1. HP: 14/14 MP: 1/1
    84 | D:1      | Reached XP level 2. HP: 11/19 MP: 2/2
   521 | D:1      | Found a glowing golden altar of the Shining One.
   598 | D:2      | Reached XP level 3. HP: 22/23 MP: 3/3
   702 | D:2      | Reached ** piety under Trog
   916 | D:2      | Found a hazy altar of Hepliaklqana.
  1229 | D:3      | Reached skill level 4 in Fighting
  1231 | D:3      | Reached XP level 4. HP: 29/29 MP: 4/4
  1821 | D:3      | Noticed a hippogriff
  1832 | D:3      | Slain by a hippogriff

Levels and vault maps discovered:
D:1:      saegor_arrival_simple_a, layout_rooms, minmay_misc_feat_four_crosses,
          tso_altar
D:2:      layout_loops_cross, overflow_temple_1_default
D:3:      layout_basic, corexii_item_surrounded_by_moat, kennysheep_potato

Skill      XL: |  1  2  3 |
---------------+----------+-----
Dodging        | 2 |  2.2
Axes           | 3 |  3.3
Fighting       | 4 |  4.1
Armour         | |  2.9

Action                   |  1- 3 |  4- 6 || total
-------------------------+-------+-------++-------
Melee: Hand axe          |    63 |       ||    63
       War axe           |    67 |    46 ||   113
Invok: Berserk           |       |     1 ||     1
  Eat: Chunk             |     1 |     2 ||     3
Armor: Animal skin       |    64 |    26 ||    90
Dodge: Dodged            |    94 |    46 ||   140
